 Dungeon Crawl Stone Soup version 0.31-a0-799-g6bc09d010c (webtiles) character file.

Game seed: 10233698938160993139

1418 Pooter the Ruffian (level 8, -1/78 HPs)
             Began as a Troll Hunter on Sept 19, 2023.
             Was a Believer of Okawaru.
             Slain by a fire bat (2 damage)
             ... on level 6 of the Dungeon on Sept 20, 2023.
             The game lasted 00:22:29 (4653 turns).

Pooter the Ruffian (Troll Hunter)                   Turns: 4653, Time: 00:22:30

Health: -1/78      AC:  8    Str: 22    XL:     8   Next: 43%
Magic:  6/8        EV: 12    Int:  5    God:    Okawaru [**....]
Gold:   362        SH:  5    Dex: 13    Spells: 7/7 levels left

rFire   + . .        a - +0 shortbow
rCold   + . .        (shield currently unavailable)
rNeg    . . .        c - +0 robe
rPois   +            (helmet restricted)
rElec   +            (no cloak)
rCorr   +            (gloves unavailable)
SInv    +            (boots unavailable)
Will    .....        m - amulet of reflection
Stlth   +++          S - ring of see invisible
HPRegen 1.13/turn    B - +4 ring of protection
MPRegen 0.11/turn

%: reflection
@: resistant, heroic
A: large, unfitting armour, claws 3, regeneration 1, shaggy fur 1, tough skin 1
a: Renounce Religion, Heroism


You were on level 6 of the Dungeon.
You worshipped Okawaru.
Okawaru was pleased with you.
You visited 1 branch of the dungeon, and saw 6 of its levels.
You also visited: Ossuary.

You collected 362 gold pieces.

Inventory:

Hand Weapons
 a - a +0 shortbow (weapon)
 p - a +0 morningstar
   (You took it off an orc on level 4 of the Dungeon)
Missiles
 g - 8 boomerangs
 x - 6 atropa-tipped darts
 C - 2 poisoned darts
 Q - 48 stones
Armour
 c - a +0 robe (worn)
Jewellery
 m - an amulet of reflection (around neck)
   (You found it on level 3 of the Dungeon)
 B - a +4 ring of protection (right claw)
   (You found it on level 5 of the Dungeon)
 S - a ring of see invisible (left claw)
   (You found it on level 1 of the Dungeon)
Wands
 D - a wand of digging (3)
   (You found it on level 6 of the Dungeon)
Scrolls
 b - a scroll of butterflies
 d - 3 scrolls of poison {unknown}
 e - a scroll of noise {!r}
 h - a scroll of enchant armour
 j - 2 scrolls of amnesia
 l - a scroll of blinking
 n - a scroll of enchant weapon {unknown}
 r - a scroll of torment {!r}
 t - 4 scrolls of teleportation {@r4}
 v - 2 scrolls of fear {unknown}
 F - a scroll of fog {unknown}
Potions
 f - 4 potions of curing {unknown}
 i - a potion of cancellation {unknown}
 k - a potion of haste {unknown}
 o - 2 potions of degeneration {unknown}
 q - 2 potions of lignification {unknown}
 s - 2 potions of heal wounds {unknown}
 u - a potion of magic {unknown}
 w - a potion of attraction {unknown}
 y - a potion of ambrosia {unknown}
 z - 2 potions of might {unknown}
 A - 2 potions of enlightenment {unknown}
 E - 2 potions of brilliance {unknown}


   Skills:
 + Level 3.9(8.9) Fighting
 * Level 5.2(10.2) Ranged Weapons
 - Level 1.5(6.5) Dodging
 - Level 0.3(5.3) Stealth
 * Level 6.2(11.2) Unarmed Combat
 + Level 2.2 Invocations


You had 7 spell levels left.
You didn't know any spells.
Your spell library contained the following spells:

 Spells                   Type           Power      Damage    Failure   Level
 Lesser Beckoning         Tloc           0%         N/A       63%         2
 Gell's Gravitas          Tloc           0%         N/A       85%         3
 Sigil of Binding         Hex            0%         N/A       85%         3
 Teleport Other           Tloc           0%         N/A       85%         3
 Volatile Blastmotes      Fire/Tloc      0%         2d10      85%         3
 Dimensional Bullseye     Hex/Tloc       0%         N/A       99%         4
 Fulminant Prism          Conj/Hex       0%         3d5       99%         4
 Iskenderun's Mystic Bla  Conj/Tloc      0%         2d3       99%         4
 Leda's Liquefaction      Hex/Erth       0%         N/A       99%         4
 Call Canine Familiar     Summ           Unusable   N/A       N/A         3

Dungeon Overview and Level Annotations

Branches:
Dungeon (6/15) Zot: 26491  Temple (0/1) D:4         Ossuary (visited)

Altars:
Gozag
Hepliaklqana
Kikubaaqudgha
Okawaru
Qazlal
Ru
Uskayaw
Yredelemnul

Annotations:
D:6 1 transporter


Innate Abilities, Weirdness & Mutations

You are too large for most types of armour.
You have claws for hands.
Your natural rate of healing is unusually fast.
You are covered in fur. (AC +1)
You have tough skin. (AC +1)


Message History

The fire bat barely misses you.
There is an open gate here.
You shoot an arrow.
The arrow hits the fire bat but does no damage.
You are engulfed in blazing flames.
You resist.
The fire bat bites you but does no damage.
You block the fire bat's attack. The fire bat closely misses you.
The fire bat barely misses you.
You shoot an arrow. The arrow closely misses the fire bat.
You are engulfed in blazing flames.
You resist.
The fire bat bites you but does no damage.
The fire bat closely misses you. The fire bat bites you.
You are engulfed in flames.
You resist.
You are engulfed in blazing flames.
You resist.
* * * LOW HITPOINT WARNING * * *
The fire bat closely misses you. The fire bat barely misses you.
The fire bat bites you.
* * * LOW HITPOINT WARNING * * *
You are engulfed in flames.
You resist.
* * * LOW HITPOINT WARNING * * *
The fire bat bites you but does no damage. x2
You are engulfed in blazing flames.
You resist.
* * * LOW HITPOINT WARNING * * *
You block the fire bat's attack. The fire bat bites you.
* * * LOW HITPOINT WARNING * * *
You are engulfed in flames.
You resist.
* * * LOW HITPOINT WARNING * * *
The fire bat bites you.
* * * LOW HITPOINT WARNING * * *
You are engulfed in flames.
You resist.
* * * LOW HITPOINT WARNING * * *
The fire bat closely misses you. The fire bat attacks as it pursues you!
The fire bat bites you but does no damage. x3
You gain the combat prowess of a mighty hero.
The fire bat bites you.
* * * LOW HITPOINT WARNING * * *
You are engulfed in flames.
You resist.
* * * LOW HITPOINT WARNING * * *
The fire bat bites you but does no damage.
The fire bat barely misses you. You block the fire bat's attack.
The fire bat barely misses you. The fire bat attacks as it pursues you!
The fire bat bites you.
* * * LOW HITPOINT WARNING * * *
You are engulfed in flames.
You resist.
* * * LOW HITPOINT WARNING * * *
The fire bat bites you.
* * * LOW HITPOINT WARNING * * *
You are engulfed in flames.
You resist.
You die...

....<.............#........##
.......###.######...........##
.......# #.# #######.....<..##
......## #.#
#°○.○°########..## #....## #.#
##☼○☼°○#°☼○°○○##..# #.####
#.####○○○○○#☼°○.○.#...# #.#
#....#[$.☼☼○.#.#°°#...# #.#
##..©#bb..○☼...©○°#©..# #.#
#...#[@b○.°.#.#○°#..## #.#
#.#.#○☼☼.○#○☼°.○.#### #.#
#...#☼○○☼○#.○○○.○# ..#
#..##○☼☼.○######## ###
#...#######.# # ##.#.####....#
# #..#...##.#### # #.####..#.#
###### #.# ##.#.######


You could see 3 fire bats.

Vanquished Creatures
  A black bear (D:6)
  A phantom (D:6)
  2 bullfrogs (D:6)
  2 scorpions
  5 water moccasin zombies (Ossuary)
  2 orc priests
  3 hounds (D:5)
  3 jellies
  3 iguanas
  4 sleepcaps
  An orc wizard (D:3)
  2 mummies (Ossuary)
  10 adders
  7 adder zombies (Ossuary)
  A worm (D:5)
  A dart slug (D:4)
  21 orcs
  3 bats
  14 endoplasms
  3 giant cockroaches
  3 gnoll zombies (Ossuary)
  3 goblins
  6 hobgoblins
  3 jackals (D:1)
  15 kobolds
  3 quokkas
  4 ball pythons
  2 frilled lizards
  6 hobgoblin zombies (Ossuary)
  6 kobold zombies (Ossuary)
  4 orc zombies (Ossuary)
  5 rats (D:1)
149 creatures vanquished.

Notes
Turn   | Place    | Note
-------+----------+-------------------------------------------
     0 | D:1      | Pooter the Troll Hunter began the quest for the Orb.
     0 | D:1      | Reached XP level 1. HP: 19/19 MP: 0/0
   100 | D:1      | Reached XP level 2. HP: 28/28 MP: 1/1
   121 | D:1      | Reached skill level 1 in Unarmed Combat
   260 | D:1      | Found a faded altar of an unknown god.
   878 | D:2      | Reached XP level 3. HP: 35/35 MP: 2/2
  1092 | D:2      | Reached skill level 2 in Unarmed Combat
  1243 | D:2      | Reached XP level 4. HP: 42/42 MP: 3/3
  2022 | D:3      | Found an iron altar of Okawaru.
  2032 | D:3      | Became a worshipper of Warmaster Okawaru
  2090 | D:3      | Reached XP level 5. HP: 50/50 MP: 4/4
  2151 | D:3      | Reached skill level 3 in Unarmed Combat
  2276 | D:3      | Found a basalt altar of Yredelemnul.
  2280 | D:3      | Found a hazy altar of Hepliaklqana.
  2281 | D:3      | Found a stormy altar of Qazlal.
  2283 | D:3      | Found an opulent altar of Gozag.
  2283 | D:3      | Found a sacrificial altar of Ru.
  2284 | D:3      | Found a hide-covered altar of Uskayaw.
  2300 | D:3      | Found an ancient bone altar of Kikubaaqudgha.
  2379 | D:4      | Found a staircase to the Ecumenical Temple.
  2556 | D:4      | Found a sand-covered staircase.
  2562 | Ossuary  | Entered an ossuary
  2598 | Ossuary  | Reached XP level 6. HP: 51/59 MP: 5/5
  2645 | Ossuary  | Reached * piety under Okawaru
  2648 | Ossuary  | Reached skill level 4 in Unarmed Combat
  2715 | Ossuary  | Reached XP level 7. HP: 62/67 MP: 3/6
  3383 | D:5      | Entered Level 5 of the Dungeon
  3390 | D:5      | Reached skill level 5 in Unarmed Combat
  3591 | D:5      | Reached skill level 1 in Invocations
  3792 | D:5      | Reached ** piety under Okawaru
  3931 | D:5      | Reached XP level 8. HP: 76/76 MP: 8/8
  4263 | D:6      | Reached skill level 5 in Ranged Weapons
  4276 | D:6      | Reached skill level 6 in Unarmed Combat
  4419 | D:6      | Found a transporter.
  4631 | D:6      | Found a transporter.
  4653 | D:6      | HP: 3/78 [fire bat (4)]
  4653 | D:6      | HP: 1/78 [fire bat (2)]
  4653 | D:6      | Slain by a fire bat

Illustrated notes

Levels and vault maps discovered:
D:1:      lightli_arrival_quake, layout_basic, dreamdust_ecumenical_altar_grove,
          kennysheep_flooded_box, grunt_decor_junction, grunt_decor_arrowhead
D:2:      cheibrodos_fertilizer, layout_basic, serial_rivers,
          chequers_serial_rivers_micro_d, chequers_serial_rivers_room_b,
          chequers_serial_rivers_room_b, chequers_serial_rivers_small_b,
          chequers_serial_rivers_marsh, chequers_serial_rivers_small_a,
          kennysheep_generic_room_12
D:3:      layout_rooms, nicolae_overflow_hallway_of_the_gods,
          okawaru_ov_weapons_minmay
D:4:      layout_basic, minmay_temple_entry_gardened_gates, enter_ossuary_2
D:5:      layout_loops_ring
D:6:      gammafunk_cloud_chamber, layout_rooms

Skill      XL: |  1  2  3  4  5  6  7  8 |
---------------+-------------------------+-----
Unarmed Combat | 1 2 3 4 5 6 |  6.2
Ranged Weapons | 3 4 5 |  5.2
Fighting       | 2 3 |  3.9
Invocations    | 1 2 |  2.2
Dodging        | |  1.5
Stealth        | |  0.3

Action                     |  1- 3 |  4- 6 |  7- 9 || total
---------------------------+-------+-------+-------++-------
  Melee: Unarmed           |    23 |   131 |    94 ||   248
         Punch             |       |     7 |     3 ||    10
   Fire: Shortbow          |   102 |    51 |   106 ||   259
 Invoke: Heroism           |       |     2 |     1 ||     3
    Use: Scroll            |     1 |     3 |     2 ||     6
         Potion            |       |       |     1 ||     1
 Armour: Robe              |    18 |    90 |    79 ||   187
  Dodge: Dodged            |    23 |    57 |    42 ||   122
  Block: Other             |       |    33 |    22 ||    55

Table legend: (Time is in decaauts)
 A = Elapsed time spent in this place.
 B = Non-inter-level travel time spent in this place.
 C = Inter-level travel time spent in this place.
 D = Time resting spent in this place.
 E = Time spent auto-exploring this place.
 F = Levels seen in this place.
 G = Mean time per level.
                   A        B        C        D        E       F      G
               +--------+--------+--------+--------+--------+-----+--------+
         Total |   4650 |   4532 |    118 |    317 |   3087 |   7 |  664.3 |
       Dungeon |   4432 |   4314 |    118 |    317 |   3058 |   6 |  738.7 |
       Ossuary |    218 |    218 |      0 |      0 |     29 |   1 |  218.0 |
               +--------+--------+--------+--------+--------+-----+--------+

Top non-repeatable levels by time:
     D:2: 1270 daAuts
     D:4: 790 daAuts
     D:5: 754 daAuts
     D:1: 642 daAuts
     D:6: 507 daAuts
     D:3: 467 daAuts
 Ossuary: 218 daAuts
